 Dungeon Crawl Stone Soup version 0.30-a0-802-gb92711bcdf (webtiles) character file.

Game seed: 1737430957065250261

802 Esekla the Covert (level 7, -17/47 HPs)
             Began as an Octopode Delver on Feb 24, 2023.
             Was an Initiate of Gozag.
             Demolished by an ogre
             ... wielding a +0 giant spiked club
              (22 damage)
             ... on level 5 of the Dungeon.
             The game lasted 00:21:02 (4677 turns).

Esekla the Covert (Octopode Delver)                 Turns: 4677, Time: 00:21:02

Health: -17/47     AC:  1    Str: 12    XL:     7   Next: 90%
Magic:  10/10      EV: 12    Int: 14    God:    Gozag
Gold:   787        SH:  8    Dex: 13    Spells: 7/10 levels left

rFire   . . .      SeeInvis .    a - +0 long sword
rCold   . . .      Faith    .    j - +0 kite shield
rNeg    . . .      Spirit   .    (helmet restricted)
rPois   .          Reflect  .    p - amulet of magic regeneration
rElec   .          Harm     .    (no ring)
rCorr   .          Rampage  .    (no ring)
Will    .....                    (no ring)
Stlth   +++++                    (no ring)
HPRegen 0.27/turn                (no ring)
MPRegen 0.52/turn                (no ring)
                                 (no ring)
                                 (no ring)

@: hasted, very quick
A: almost no armour, amphibious, 8 rings, camouflage 1, gelatinous body 1,
(nimble swimmer 1), tentacles
a: Renounce Religion, Potion Petition, Call Merchant, Bribe Branch


You were on level 5 of the Dungeon.
You worshipped Gozag.
Gozag was pleased with you.
You visited 2 branches of the dungeon, and saw 6 of its levels.

You collected 805 gold pieces.
You paid 18 gold pieces to Gozag.

Inventory:

Hand Weapons
 a - a +0 long sword (weapon)
 r - a +0 trident
 s - a +1 dagger of draining
Missiles
 c - 9 poisoned darts (quivered)
Armour
 j - a +0 kite shield (worn)
Jewellery
 p - an amulet of magic regeneration (around mantle)
Wands
 f - a wand of digging (2)
Scrolls
 b - 2 scrolls of fog
 h - a scroll of blinking {unknown}
 i - 7 scrolls of identify {unknown}
 n - a scroll of brand weapon {unknown}
 o - 2 scrolls of poison {unknown}
 u - 2 scrolls of teleportation {unknown}
 v - 2 scrolls of immolation {unknown}
 x - 2 scrolls of magic mapping
 y - a scroll of vulnerability {unknown}
 A - a scroll of enchant armour {unknown}
 B - a scroll of amnesia {unknown}
 F - a scroll of noise {unknown}
Potions
 e - a potion of haste
 g - a potion of attraction {unknown}
 k - a potion of degeneration {unknown}
 l - 2 potions of lignification {unknown}
 m - 2 potions of resistance {unknown}
 q - a potion of cancellation {unknown}
 t - 2 potions of heal wounds {unknown}
 w - a potion of flight {unknown}
 z - a potion of curing {unknown}
 C - a potion of mutation {unknown}
 D - 2 potions of might {unknown}


   Skills:
 * Level 3.9 Fighting
 + Level 0.5(2.7) Short Blades
 * Level 4.3 Long Blades
 + Level 1.3 Throwing
 * Level 3.7 Dodging
 + Level 8.3 Stealth
 * Level 2.1 Shields
 * Level 2.3 Spellcasting
 * Level 1.7 Transmutations
 * Level 2.3 Poison Magic


You had 7 spell levels left.
You knew the following spells:

 Your Spells              Type           Power      Damage    Failure   Level
p - Apportation           Tloc           2%         N/A       58%         1
w - Wereblood             Tmut           6%         N/A       50%         2

Your spell library contained the following spells:

 Spells                   Type           Power      Damage    Failure   Level
 Lesser Beckoning         Tloc           2%         N/A       73%         2
 Sublimation of Blood     Necr           1%         N/A       75%         2
 Gell's Gravitas          Tloc           1%         N/A       91%         3
 Teleport Other           Tloc           1%         N/A       91%         3
 Olgreb's Toxic Radiance  Pois           8%         N/A       96%         4
 Alistair's Intoxication  Tmut/Pois      4%         N/A       100%        5
 Ozocubu's Refrigeration  Ice            0%         4d7       100%        7
 Summon Hydra             Summ           0%         N/A       100%        7
 Ignition                 Fire           0%         3d3       100%        8


Dungeon Overview and Level Annotations

Branches:
Dungeon (5/15)             Temple (1/1) D:5

Altars:
Cheibriados
Dithmenos
Elyvilon
Fedhas
Gozag
Kikubaaqudgha
Okawaru
Qazlal
Sif Muna
Uskayaw
Vehumet
Wu Jian
Xom
Yredelemnul
The Shining One


Innate Abilities, Weirdness & Mutations

You cannot wear most types of armour.
You are amphibious.
You can wear up to eight rings at the same time.
Your skin changes colour to match your surroundings (Stealth+).
Your rubbery body absorbs attacks. (AC +1, EV +1)
((You are camouflaged when in or above water. (Stealth+)))
You have tentacles for arms and can constrict up to eight enemies at once.


Message History

The hound is almost dead.
You constrict the hound.
You kill the hound!
As you read the scroll of fear, it crumbles to dust.
You assume a fearsome visage.
The ice beast looks frightened!
Casting: Apportation (safe; 58% risk of failure)
Confirm with . or Enter, or press ? or * to list all spells.
Aiming: Apportation (safe; 58% risk of failure)
Press: ? - help, Dir - move target Apport: 3 gold pieces You miscast Apportation.
You are very lightly contaminated with residual magic.
Nothing appears to happen.
Casting: Apportation (safe; 58% risk of failure)
Confirm with . or Enter, or press ? or * to list all spells.
Aiming: Apportation (safe; 58% risk of failure)
Press: ? - help, Dir - move target Apport: 3 gold pieces Yoink!
You pull the items towards yourself.
You now have 787 gold pieces (gained 3).
An ogre comes into view. It is wielding a +0 giant spiked club.
The ogre shouts!
Your magical contamination has completely faded away.
You slash the ice beast! Your squeeze misses the ice beast.
The ice beast is moderately wounded.
The ice beast barely misses you.
Okay, then.
Okay, then.
Unknown command.
You feel yourself speed up. The ice beast misses you.
The ogre hits you with a +0 giant spiked club!!
Ouch! That really hurt!
* * * LOW HITPOINT WARNING * * *
Aiming: Dig
Press: ? - help, Shift-Dir - straight line A rock wall, spattered with blood.
The rock shatters into small pieces.
You block the ice beast's attack.
The ogre hits you with a +0 giant spiked club!!
You die...
Your body crumbles into a pile of gold.

#######,,*
#.P.P....,,,,,,,, *,,*
#.....#.#.******* *,,*
#..#).#,#,,,,,,,, *,,*
#.###.#,********, *,,*
#[# *.#,* *, *,,* #.#
*,#,* *, *,,* #.#
*,*,***** *,
#..########Y# *,,,,,,,*
*,
#........O@.#****,***,*
*, #.#########.#*,,,,*
*,* *, *,* #.#,**** *,*
*, *,**********#..*
*,****,
*,,,,,,,,,,,,..#
*,,,,,,
*,************#.#
*,***** *** #.# *** #.


You could see an ice beast and an ogre.

Vanquished Creatures
  Eustachio (D:5)
  A water moccasin (D:5)
  A phantom (D:5)
  2 scorpions (D:5)
  3 hounds
  2 iguanas
  An orc wizard (D:4)
  5 gnolls (D:4)
  9 adders
  A shadow imp (D:5)
  A worm (D:4)
  2 dart slugs
  4 orcs (D:4)
  3 bats
  6 endoplasms
  2 giant cockroaches (D:3)
  5 goblins
  4 hobgoblins
  2 quokkas
  5 ball pythons
  7 kobolds
  6 rats
73 creatures vanquished.

Notes
Turn   | Place    | Note
-------+----------+-------------------------------------------
     0 | D:5      | Esekla the Octopode Delver began the quest for the Orb.
     0 | D:5      | Reached XP level 1. HP: 16/16 MP: 1/1
    21 | D:5      | Found a staircase to the Ecumenical Temple.
    37 | Temple   | Entered the Ecumenical Temple
    46 | Temple   | Became a worshipper of Gozag Ym Sagoz the Greedy
   537 | D:1      | Reached XP level 2. HP: 21/21 MP: 2/2
   826 | D:1      | Reached skill level 7 in Stealth
  1008 | D:1      | Learned a level 1 spell: Apportation
  1414 | D:2      | Reached skill level 1 in Spellcasting
  1414 | D:2      | Reached XP level 3. HP: 26/26 MP: 2/4
  1815 | D:2      | Reached XP level 4. HP: 12/31 MP: 5/5
  2485 | D:3      | Reached skill level 1 in Shields
  2952 | D:3      | Learned a level 2 spell: Wereblood
  2998 | D:3      | Reached XP level 5. HP: 36/36 MP: 5/7
  3087 | D:3      | Found a stormy altar of Qazlal.
  3621 | D:4      | Reached skill level 1 in Poison Magic
  3621 | D:4      | Reached XP level 6. HP: 42/42 MP: 8/8
  3884 | D:4      | Found a shimmering altar of Xom.
  4081 | D:5      | Reached skill level 1 in Transmutations
  4141 | D:5      | Noticed Eustachio
  4223 | D:5      | Noticed a water moccasin
  4230 | D:5      | Killed a water moccasin
  4231 | D:5      | Reached skill level 1 in Throwing
  4231 | D:5      | Reached skill level 8 in Stealth
  4231 | D:5      | Reached XP level 7. HP: 47/47 MP: 8/10
  4235 | D:5      | Killed Eustachio
  4644 | D:5      | Found a blossoming altar of Fedhas.
  4677 | D:5      | Demolished by an ogre

Illustrated notes

Levels and vault maps discovered:
D:1:      lightli_molten_gateway, layout_basic
D:2:      layout_basic, hangedman_feature_mirror
D:3:      layout_basic, general_overflow_altar
D:4:      layout_loops_ring, tgw_xom, kennysheep_generic_room_10
D:5:      layout_basic, fedhas_altar_1, minmay_temple_entry_offerings,
          uniq_eustachio
Temple:   eino_temple_lava

Skill      XL: |  1  2  3  4  5  6  7 |
---------------+----------------------+-----
Stealth        | 7 8 |  8.3
Spellcasting   | 1 2 |  2.3
Shields        | 1 2 |  2.1
Long Blades    | 3 4 |  4.3
Dodging        | 3 |  3.7
Poison Magic   | 1 2 |  2.3
Transmutations | 1 |  1.7
Throwing       | 1 |  1.3
Fighting       | |  3.9
Short Blades   | |  0.5

Action                     |  1- 3 |  4- 6 |  7- 9 || total
---------------------------+-------+-------+-------++-------
  Melee: Falchion          |    53 |    42 |       ||    95
         Constrict         |    13 |    20 |     4 ||    37
         Tentacles         |    10 |    16 |     9 ||    35
         Dagger            |     4 |    16 |     1 ||    21
         Punch             |       |     1 |       ||     1
         Long sword        |       |    12 |    19 ||    31
  Throw: Dart              |     3 |    21 |     1 ||    25
   Cast: Apportation       |       |       |     2 ||     2
  Evoke: Wand              |       |       |     1 ||     1
    Use: Scroll            |     1 |       |     1 ||     2
         Potion            |       |       |     1 ||     1
   Stab: Sleeping          |    11 |    11 |     1 ||    23
 Armour: Skin              |     1 |     1 |     2 ||     4
  Dodge: Dodged            |    25 |    19 |    13 ||    57
  Block: Kite shield       |    14 |    21 |     4 ||    39

Table legend: (Time is in decaauts)
 A = Elapsed time spent in this place.
 B = Non-inter-level travel time spent in this place.
 C = Inter-level travel time spent in this place.
 D = Time resting spent in this place.
 E = Time spent auto-exploring this place.
 F = Levels seen in this place.
 G = Mean time per level.
                   A        B        C        D        E       F      G
               +--------+--------+--------+--------+--------+-----+--------+
         Total |   4717 |   4574 |    143 |    567 |   1815 |   6 |  786.2 |
       Dungeon |   4698 |   4555 |    143 |    567 |   1815 |   5 |  939.6 |
        Temple |     18 |     18 |      0 |      0 |      0 |   1 |   18.0 |
               +--------+--------+--------+--------+--------+-----+--------+

Top non-repeatable levels by time:
     D:2: 1230 daAuts
     D:4: 972 daAuts
     D:1: 884 daAuts
     D:3: 862 daAuts
     D:5: 747 daAuts
  Temple: 18 daAuts
